 Dungeon Crawl Stone Soup version 0.19-a0-683-g5f2401d (webtiles) character file.

434 Ajdolov the Slasher (level 6, -1/47 HPs)
             Began as a Mummy Fighter on June 17, 2016.
             Slain by a scorpion (7 damage)
             ... on level 4 of the Dungeon.
             The game lasted 00:07:29 (3745 turns).

Ajdolov the Slasher (Mummy Fighter)                 Turns: 3745, Time: 00:07:30

Health: -1/47      AC:  8    Str: 22    XL:     6   Next: 67%
Magic:  6/6        EV:  9    Int:  7    God:
Gold:   269        SH:  0    Dex: 11    Spells: 0 memorised, 5 levels left

rFire  . . .     SeeInvis .     a - +0 long sword
rCold  . . .     Gourm    .     b - +0 scale mail
rNeg   + + +     Faith    .     (no shield)
rPois  ∞         Spirit   .     h - +0 helmet
rElec  .         Dismiss  .     (no cloak)
rCorr  .         Reflect  .     p - +0 pair of gloves (curse)
SustAt .         Harm     .     (no boots)
MR     .....                    (no amulet)
Stlth  ..........               (no ring)
                                f - ring of fire

@: not resistant to hostile enchantments, extremely unstealthy
A: no food or potions, fire vulnerability, cold resistance 1, negative energy
resistance 3, torment resistance, unbreathing
a: no special abilities


You were on level 4 of the Dungeon.
You were not hungry.

You visited 1 branch of the dungeon, and saw 4 of its levels.

You collected 269 gold pieces.

Inventory:

Hand Weapons
 a - a +0 long sword (weapon)
 l - a +0 blowgun
Missiles
 m - 10 poisoned needles
Armour
 b - a +0 scale mail (worn)
 c - a +0 shield
 h - a +0 helmet (worn)
 p - a cursed +0 pair of gloves (worn)
Jewellery
 f - a ring of fire (left hand)
 i - a cursed -3 ring of dexterity {unknown}
Wands
 o - a wand of flame (33/48)
Scrolls
 d - 3 scrolls of remove curse {unknown}
 e - a scroll of blinking {unknown}
 g - a scroll of teleportation {unknown}
 j - a scroll of enchant armour {unknown}
 k - 3 scrolls of fog {unknown}
 n - a scroll of identify {unknown}


   Skills:
 - Level 3.0 Fighting
 + Level 6.0 Long Blades
 - Level 2.4 Armour
 - Level 2.4 Shields


You had 5 spell levels left.
You didn't know any spells.

Dungeon Overview and Level Annotations

Branches:
Dungeon (4/15)
 Temple: D:4-7

Altars:
Dithmenos
Hepliaklqana
Okawaru
Pakellas
Qazlal

Annotations:
D:4 Eustachio


Innate Abilities, Weirdness & Mutations

You do not eat or drink.
Your flesh is vulnerable to fire.
You are immune to poison.
Your flesh is cold resistant. (rC+)
You are immune to negative energy. (rN+++)
You are immune to unholy pain and torment.
You can survive without breathing.


Message History

The scorpion is moderately wounded.
The scorpion barely misses you.
You hit the scorpion but do no damage.
The scorpion is moderately wounded.
The scorpion stings you!
* * * LOW HITPOINT WARNING * * *
The scorpion stings you.
* * * LOW HITPOINT WARNING * * *
You closely miss the scorpion.
The scorpion is moderately wounded.
The scorpion stings you.
* * * LOW HITPOINT WARNING * * *
You hit the scorpion.
The scorpion is heavily wounded.
The scorpion stings you.
* * * LOW HITPOINT WARNING * * *
You barely miss the scorpion.
The scorpion is heavily wounded.
The scorpion stings you!
You die...

##.....#...#
##.....#
###.o.....##
##...(..##
##..w####.##
#........#
##..### #..#
#........###).##
#..#
#........##..##
##.#
#......##..##
#.##
#......#s.##
#..# #..).#@###
##.# ##.#..##
#.# ##..## #..
##..## ##.
##..## ##.
###.### ##..
##..## ##...
.######..##
##....
........##
##>....


You could see a scorpion.

Vanquished Creatures
  An ogre (D:4)
  An orc wizard (D:4)
  Natasha (thrice) (D:2 D:4)
  Ijyb (D:3)
  Robin (D:2)
  3 gnolls (D:3)
  5 adders
  An adder skeleton (D:4)
  2 worms (D:4)
  3 dart slugs
  3 giant geckos
  19 orcs
  10 bats
  3 giant cockroaches
  12 hobgoblins
  4 jackals (D:2)
  7 kobolds
  2 quokkas
  2 ball pythons
  2 giant newts
  17 goblins
  A quokka skeleton (D:4)
  3 rats
106 creatures vanquished.

Notes
Turn   | Place    | Note
--------------------------------------------------------------
     0 | D:1      | Ajdolov the Mummy Fighter began the quest for the Orb.
     0 | D:1      | Reached XP level 1. HP: 18/18 MP: 1/1
   251 | D:1      | Reached skill level 2 in Long Blades
   525 | D:1      | Reached XP level 2. HP: 23/24 MP: 2/2
   989 | D:2      | Reached XP level 3. HP: 18/29 MP: 3/3
  1034 | D:2      | Noticed Robin
  1046 | D:2      | Reached skill level 3 in Long Blades
  1052 | D:2      | Killed Robin
  1345 | D:2      | Reached XP level 4. HP: 35/35 MP: 4/4
  1357 | D:2      | Noticed Natasha
  1378 | D:2      | Killed Natasha
  1783 | D:2      | Found an iron altar of Okawaru.
  1786 | D:2      | Found an oddly glowing altar of Pakellas.
  1851 | D:3      | Reached skill level 4 in Long Blades
  1988 | D:3      | Noticed Ijyb
  2013 | D:3      | Killed Ijyb
  2013 | D:3      | Reached XP level 5. HP: 41/41 MP: 5/5
  2661 | D:2      | Found a stormy altar of Qazlal.
  2661 | D:2      | Found a hazy altar of Hepliaklqana.
  2748 | D:4      | Noticed Eustachio
  2826 | D:4      | Noticed Natasha
  3055 | D:4      | Reached skill level 5 in Long Blades
  3129 | D:4      | Found a shadowy altar of Dithmenos.
  3210 | D:4      | Reached XP level 6. HP: 42/47 MP: 6/6
  3260 | D:4      | Killed Natasha
  3441 | D:4      | Noticed Natasha
  3450 | D:4      | Killed Natasha
  3689 | D:4      | Reached skill level 6 in Long Blades
  3745 | D:4      | Slain by a scorpion

Vault maps used:
D:1:      elethiomel_arrival_infinity_welcomes_careful_drivers
D:2:      nicolae_overflow_hidden_temple, first_bread, uniq_robin, uniq_natasha
D:3:      kennysheep_the_goblin_king
D:4:      kennysheep_little_box, kennysheep_generic_room_7, uniq_eustachio

Skill      XL: |  1  2  3  4  5  6 |
---------------+-------------------+-----
Long Blades    | 2 3 4 5 6 |  6.0
Fighting       | |  3.0
Armour         | |  2.4
Shields        | |  2.4

Action                   |  1- 3 |  4- 6 || total
-------------------------+-------+-------++-------
Melee: Long sword        |   127 |   242 ||   369
Armor: Scale mail        |    62 |    97 ||   159
Dodge: Dodged            |    66 |   109 ||   175
Block: Shield            |     1 |       ||     1
